 Dungeon Crawl Stone Soup version 0.24-a0-170-gd8427f5 (webtiles) character file.

Game seed: 4300531327492005600

34 Dfrag the Firebug (level 3, 13/24 HPs)
             Began as a Demonspawn Fire Elementalist on Mar 9, 2019.
             Quit the game on level 2 of the Dungeon.
             The game lasted 00:01:07 (555 turns).

Dfrag the Firebug (Demonspawn Fire Elementalist)     Turns: 555, Time: 00:01:08

Health: 13/24      AC:  2    Str:  8    XL:     3   Next: 14%
Magic:  0/6        EV: 14    Int: 17    God:
Gold:   90         SH:  0    Dex: 13    Spells: 6/7 levels left

rFire    . . .     SeeInvis .   f - -3 mace (curse)
rCold    . . .     Gourm    .   (no shield)
rNeg     . . .     Faith    .   a - +0 robe
rPois    .         Spirit   .   (no helmet)
rElec    .         Reflect  .   (no cloak)
rCorr    .         Harm     .   (no gloves)
MR       .....                  (no boots)
Stlth    ++........             (no amulet)
HPRegen  0.08/turn              e - ring of wizardry
MPRegen  0.10/turn              (no ring)

@: mildly poisoned (13 -> 9)
A: repulsion field 1, powered by pain 1
a: no special abilities


You were on level 2 of the Dungeon.
You were not hungry.

You visited 1 branch of the dungeon, and saw 2 of its levels.

You collected 90 gold pieces.

Inventory:

Hand Weapons
 f - a cursed -3 mace (weapon)
Armour
 a - a +0 robe (worn)
Jewellery
 e - a ring of wizardry (left hand)
Scrolls
 b - a scroll of identify {unknown}
 d - a scroll of teleportation {unknown}
 g - a scroll of blinking {unknown}
 i - a scroll of fog {unknown}
 j - a scroll of amnesia {unknown}
Potions
 h - a potion of curing {unknown}
 k - a potion of heal wounds {unknown}
Comestibles
 c - 2 rations
 l - a chunk of flesh


   Skills:
 - Level 1.7 Dodging
 - Level 1.7 Stealth
 + Level 2.5 Spellcasting
 + Level 1.9 Conjurations
 + Level 3.1 Fire Magic


You had 6 spell levels left.
You knew the following spells:

 Your Spells              Type           Power        Failure   Level  Hunger
a - Flame Tongue          Conj/Fire      ##...        2%          1    #......

Your spell library contained the following spells:

 Spells                   Type           Power        Failure   Level  Hunger
 Throw Flame              Conj/Fire      ##....       4%          2    ##.....
 Conjure Flame            Conj/Fire      ##......     8%          3    ###....
 Inner Flame              Hex/Fire       #.......     12%         3    ###....
 Sticky Flame             Conj/Fire      ##......     26%         4    #####..
 Fireball                 Conj/Fire      ##........   54%         5    ######.


Dungeon Overview and Level Annotations

Branches:
Dungeon (2/15)

Altars:


Innate Abilities, Weirdness & Mutations

You are surrounded by a mild repulsion field. (EV +2)
You sometimes gain a little power by taking damage.


Message History

The adder bites you.
Casting: Flame Tongue (safe; 3% risk of failure)
Confirm with . or Enter, or press ? or * to list all spells.
Aiming: Flame Tongue (safe; 3% risk of failure)
Press: ? - help, Shift-Dir - straight line, f/p - adder
Aim: an adder (heavily wounded)
The flame tongue hits the adder.
You kill the adder!
You have reached level 3!
Your experience leads to an increase in your attributes!
Increase (S)trength, (I)ntelligence, or (D)exterity?
You feel clever.
Your demonic ancestry asserts itself...
You feel energised by your suffering.
You feel sick.
You see here an adder corpse.
You butcher the adder corpse.
l - a chunk of flesh You see here an adder skeleton.
You feel sick.
Are you sure you want to abandon this character and quit the game? (Confirm with "yes".)

##### ...# #
#.##########
#...###...<......####
#...)......รท@>....#
#.....#########.##.#
#....#. # ..>. #. ...
.. .. .. . ... .#.


There were no monsters in sight!

Vanquished Creatures
  An adder (D:2)
  2 leopard geckos
  A ball python (D:1)
  A giant cockroach (D:1)
  5 hobgoblins
  6 bats (D:1)
  4 kobolds (D:1)
  4 rats (D:1)
24 creatures vanquished.

Notes
Turn   | Place    | Note
-------+----------+-------------------------------------------
     0 | D:1      | Dfrag the Demonspawn Fire Elementalist began the quest for
                  | the Orb.
     0 | D:1      | Reached XP level 1. HP: 13/13 MP: 3/3
   147 | D:1      | Gained mutation: You are surrounded by a mild repulsion
                  | field. (EV +2) [demonic ancestry]
   147 | D:1      | Reached XP level 2. HP: 10/19 MP: 0/5
   439 | D:1      | Reached skill level 3 in Fire Magic
   550 | D:2      | Gained mutation: You sometimes gain a little power by
                  | taking damage. [demonic ancestry]
   550 | D:2      | Reached XP level 3. HP: 14/24 MP: 0/6
   555 | D:2      | Quit the game

Levels and vault maps discovered:
D:1:      erik_arrival_blinker_ship, layout_basic
D:2:      layout_loops_ring

Skill      XL: |  1  2 |
---------------+-------+-----
Fire Magic     | 3 |  3.1
Dodging        | |  1.7
Stealth        | |  1.7
Spellcasting   | |  2.5
Conjurations   | |  1.9

Action                   || total
-------------------------++-------
Melee: Mace              ||    20
 Cast: Flame Tongue      ||    29
Armor: Robe              ||     7
Dodge: Dodged            ||    31

Table legend:
 A = Non-vault XP
 B = Vault XP
 C = Vault XP percentage of total XP
 D = Non-vault monster count
 E = Vault monster count
 F = Vault count percentage of total count
                 A         B        C        D         E       F
            +---------+---------+-------+---------+---------+-------
      Total |      49 |       0 |   0.0 |      24 |       0 |   0.0
            +---------+---------+-------+---------+---------+-------
        D:1 |      31 |       0 |   0.0 |      21 |       0 |   0.0
        D:2 |      18 |       0 |   0.0 |       3 |       0 |   0.0
            +---------+---------+-------+---------+---------+-------
